 Dungeon Crawl Stone Soup version 0.25-a0-578-gc91f01c (webtiles) character file.

Game seed: 7080562516416530386, levelgen mode: deterministic

289906 Faca the Warrior (level 20, -15/178 HPs)
             Began as a Barachi Fighter on Mar 6, 2020.
             Was the Champion of Cheibriados.
             Demolished by a stone giant (33 damage)
             ... on level 2 of the Vaults.
             The game lasted 02:04:04 (37317 turns).

Faca the Warrior (Barachi Fighter)                 Turns: 37317, Time: 02:04:05

Health: -15/178    AC: 36    Str: 36    XL:     20   Next: 73%
Magic:  0/18       EV: 19    Int: 26    God:    Cheibriados [******]
Gold:   989        SH: 26    Dex: 39    Spells: 19/19 levels left

rFire    . . .     SeeInvis +   o - +4 scimitar (flame)
rCold    + + .     Gourm    +   V - +0 tower shield
rNeg     + . .     Faith    .   P - +10 plate armour {ponderous}
rPois    +         Spirit   +   J - +2 hat of the Bear Spirit {Spirit, +Rage rN+ MR++}
rElec    +         Reflect  .   W - +2 cloak
rCorr    .         Harm     .   G - +0 pair of fencer's gloves {Riposte Dex+3}
MR       ++++.                  C - +1 pair of boots of Ziuru {rElec rC+ Stlth+}
Stlth    ..........             c - amulet of Mutualism {Gourm rC+ Int+2 Dex+4 SInv}
HPRegen  0.39/turn              p - ring of Daoplimu {rPois MR+ MP-9 Dex+4}
MPRegen  0.16/turn              w - +4 ring of protection

@: very slow
A: +LOS, swims, deformed body, slowness 1, weak 2, strong legs 2
}: 2/15 runes: decaying, serpentine
a: Hop, Bend Time, Temporal Distortion, Slouch, Step From Time, Renounce
Religion, Evoke Berserk Rage


You were on level 2 of the Vaults.
You worshipped Cheibriados.
Cheibriados was exalted by your worship.
You were completely stuffed.

You visited 7 branches of the dungeon, and saw 34 of its levels.
You also visited: Gauntlet and Ice Cave.

You collected 4186 gold pieces.
You spent 3197 gold pieces at shops.

Inventory:

Hand Weapons
 o - a +4 scimitar of flaming (weapon)
Missiles
 q - 38 boomerangs (quivered)
 K - 15 silver javelins
Armour
 C - the +1 pair of boots of Ziuru (worn) {rElec rC+ Stlth+}
   (You acquired it on level 11 of the Dungeon)

   It protects you from cold.
   It insulates you from electricity.
   It makes you more stealthy.
   If you remove this armour, your AC will decrease by 3 (36 -> 33).
 E - the +0 helmet "Lubluram" {rElec rPois Regen+}
   (You found it in a Gauntlet)

   It insulates you from electricity.
   It protects you from poison.
   It increases your rate of regeneration.
   If you switch to wearing this armour, your AC will remain unchanged.
 G - the +0 pair of fencer's gloves (worn) {Riposte Dex+3}
   (You bought it in a shop on level 2 of the Orcish Mines)

   It affects your dexterity (+3).
   If you remove this armour, your AC will decrease by 2 (36 -> 34).
 J - the +2 hat of the Bear Spirit (worn) {Spirit, +Rage rN+ MR++}
   (You acquired it on level 13 of the Dungeon)

   It protects you from negative energy.
   It affects your resistance to hostile enchantments.
   It lets you go berserk.
   If you remove this armour, your AC will decrease by 2 (36 -> 34).
 P - a +10 plate armour of ponderousness (worn)
 V - a +0 tower shield (worn)
 W - a +2 cloak (worn)
Jewellery
 a - an uncursed ring of protection from fire
 c - the amulet of Mutualism (around neck) {Gourm rC+ Int+2 Dex+4 SInv}
   (You bought it in a shop on level 2 of the Orcish Mines)

   [amulet of the gourmand]

   It allows you to eat raw meat even when not hungry.
   It affects your intelligence (+2).
   It affects your dexterity (+4).
   It protects you from cold.
   It lets you see invisible.
 p - the ring of Daoplimu (left hand) {rPois MR+ MP-9 Dex+4}
   (You found it on level 1 of the Snake Pit)

   [ring of protection from magic]

   It affects your dexterity (+4).
   It protects you from poison.
   It affects your resistance to hostile enchantments.
   It affects your magic capacity (-9).
 w - a +4 ring of protection (right hand)
Wands
 l - a wand of acid (15)
 y - a wand of iceblast (40)
Scrolls
 h - 8 scrolls of enchant weapon
 m - 9 scrolls of remove curse
 r - 16 scrolls of teleportation
 t - 3 scrolls of blinking
 z - 12 scrolls of identify
 A - 5 scrolls of immolation
 H - a scroll of fear
 I - 4 scrolls of enchant armour
 O - a scroll of brand weapon
 Q - 2 scrolls of torment
 R - a scroll of summoning
 S - 3 scrolls of holy word
 T - 2 scrolls of fog
 U - 5 scrolls of magic mapping
Potions
 b - 6 potions of flight
 d - 3 potions of might
 g - 2 potions of ambrosia
 k - 4 potions of lignification
 s - 3 potions of resistance
 u - 7 potions of brilliance
 v - 6 potions of mutation
 B - 2 potions of cancellation
 F - 13 potions of curing
 M - 2 potions of stabbing
 N - a potion of invisibility
Comestibles
 f - 56 rations


   Skills:
 + Level 20.4 Fighting
 + Level 20.3 Long Blades
 - Level 10.0 Throwing
 + Level 15.9 Armour
 - Level 10.0 Dodging
 + Level 17.1 Shields
 - Level 10.0 Invocations


You had 19 spell levels left.
You didn't know any spells.
Your spell library contained the following spells:

 Spells                   Type           Power        Failure   Level  Hunger
 Beastly Appendage        Tmut           #.....       80%         1    ##.....
 Corona                   Hex            #......      80%         1    ##.....
 Foxfire                  Conj/Fire      #...         80%         1    ##.....
 Infusion                 Chrm           #...         80%         1    ##.....
 Sandblast                Erth           #.....       80%         1    ##.....
 Sting                    Tmut/Pois      #...         80%         1    ##.....
 Summon Small Mammal      Summ           #...         80%         1    ##.....
 Call Imp                 Summ           #.......     91%         2    ###....
 Corpse Rot               Necr/Air       N/A          91%         2    ###....
 Ensorcelled Hibernation  Hex/Ice        #.....       91%         2    ###....
 Passwall                 Tmut/Erth      #.......     91%         2    ###....
 Poisonous Vapours        Pois/Air       #.....       91%         2    ###....
 Shroud of Golubria       Chrm/Tloc      #.....       91%         2    ###....
 Slow                     Hex            #.......     91%         2    ###....
 Song of Slaying          Chrm           #.......     91%         2    ###....
 Sticks to Snakes         Tmut           #.......     91%         2    ###....
 Sublimation of Blood     Necr           #.........   91%         2    ###....
 Call Canine Familiar     Summ           #.......     99%         3    ####...
 Confusing Touch          Hex            #.......     99%         3    ####...
 Conjure Flame            Conj/Fire      #.......     99%         3    ####...
 Dazzling Flash           Conj/Hex       #.....       99%         3    ####...
 Gell's Gravitas          Tloc           #.........   99%         3    ####...
 Ignite Poison            Fire/Tmut/Pois #.......     99%         3    ####...
 Inner Flame              Hex/Fire       #.......     99%         3    ####...
 Mephitic Cloud           Conj/Pois/Air  #.......     99%         3    ####...
 Ozocubu's Armour         Chrm/Ice       #.......     99%         3    ####...
 Portal Projectile        Hex/Tloc       #.....       99%         3    ####...
 Spectral Weapon          Hex/Chrm       #.......     99%         3    ####...
 Spider Form              Tmut/Pois      #.........   99%         3    ####...
 Static Discharge         Conj/Air       #.......     99%         3    ####...
 Stone Arrow              Conj/Erth      #.....       99%         3    ####...
 Summon Guardian Golem    Hex/Summ       #.......     99%         3    ####...
 Tukima's Dance           Hex            #.......     99%         3    ####...
 Cause Fear               Hex            #.........   100%        4    #####..
 Dispel Undead            Necr           #.......     100%        4    #####..
 Ice Form                 Ice/Tmut       #.......     100%        4    #####..
 Leda's Liquefaction      Hex/Erth       #.........   100%        4    #####..
 Olgreb's Toxic Radiance  Pois           #.......     100%        4    #####..
 Petrify                  Tmut/Erth      #.......     100%        4    #####..
 Sticky Flame             Conj/Fire      #.......     100%        4    #####..
 Summon Ice Beast         Ice/Summ       #.......     100%        4    #####..
 Summon Lightning Spire   Summ/Air       #.......     100%        4    #####..
 Agony                    Necr           #.......     100%        5    ######.
 Blade Hands              Tmut           #.........   100%        5    ######.
 Bolt of Magma            Conj/Fire/Erth #.........   100%        5    ######.
 Excruciating Wounds      Chrm/Necr      #.........   100%        5    ######.
 Fireball                 Conj/Fire      #.........   100%        5    ######.
 Lee's Rapid Deconstruct  Erth           #.........   100%        5    ######.
 Lightning Bolt           Conj/Air       #.........   100%        5    ######.
 Metabolic Englaciation   Hex/Ice        #.........   100%        5    ######.
 Yara's Violent Unravell  Hex/Tmut       #.........   100%        5    ######.
 Freezing Cloud           Conj/Ice/Air   #.........   100%        6    #######
 Iron Shot                Conj/Erth      #.........   100%        6    #######
 Ozocubu's Refrigeration  Ice            #.........   100%        6    #######
 Simulacrum               Ice/Necr       #.........   100%        6    #######
 Statue Form              Tmut/Erth      #........    100%        6    #######
 Dragon Form              Tmut           #.........   100%        7    #######
 Malign Gateway           Summ/Tloc      #.........   100%        7    #######
 Monstrous Menagerie      Summ           #.........   100%        7    #######
 Summon Greater Demon     Summ           #.........   100%        7    #######
 Ignition                 Fire           #.........   100%        8    #######
 Summon Horrible Things   Summ           #.........   100%        8    #######
 Dragon's Call            Summ           #.........   100%        9    #######
 Shatter                  Erth           #.........   100%        9    #######
 Tornado                  Air            #.........   100%        9    #######


Dungeon Overview and Level Annotations

Branches:
Dungeon (15/15)            Temple (1/1) D:7            Lair (6/6) D:8
  Swamp (4/4) Lair:2        Snake (4/4) Lair:4        Slime (0/5) Lair:6
    Orc (2/2) D:10            Elf (0/3) Orc:2        Vaults (2/5) D:14
 Depths (0/5) D:15          IceCv (visited)         Gauntlet (visited)
  Crypt: Vaults:2-3

Altars:
Ashenzari
Cheibriados
Dithmenos
Elyvilon
Fedhas
Gozag
Hepliaklqana
Kikubaaqudgha
Makhleb
Nemelex Xobeh
Okawaru
Qazlal
Ru
Sif Muna
Trog
Uskayaw
Vehumet
Wu Jian
Xom
Yredelemnul
Zin
The Shining One
Beogh
Jiyva

Shops:
D:4 (   D:11 [   D:15 *   Orc:2 [=*(   Snake:2 [   Snake:4 :!

Annotations:
D:15 3 runed translucent doors, exclusion: obsidian statue, Umoon's ghost, adept FoFi
Lair:5 exclusion: oklob plant


Innate Abilities, Weirdness & Mutations

You can be seen from farther away. (+LOS)
You can swim through water.
You cover ground slowly.
You can hop long distances.
Armour fits poorly on your strangely shaped body.
You are very weak. (Str -4)


Message History

You hit the yaktaur captain. You burn the yaktaur captain.
The yaktaur captain is lightly wounded.
You block the stone giant's attack.
You slash the stone giant! You burn the stone giant.
The stone giant is heavily wounded.
The yaktaur captain hits you but does no damage.
You slash the stone giant! You burn the stone giant.
The stone giant is severely wounded.
The stone giant hits you!!
* * * LOW HITPOINT WARNING * * *
You block the yaktaur captain's attack.
You hit the stone giant but do no damage.
The stone giant is heavily wounded.
You block the stone giant's attack.
You feel better. You block the yaktaur captain's attack.
You block the stone giant's attack.
You slash the stone giant! You burn the stone giant.
The stone giant is almost dead.
You block the yaktaur captain's attack. The stone giant hits you!!
You die...

.. .... # ... .. ... ..
######'############# #.
#..).+........#..(.# #.
#..c@# .......'(...# #.
#..)C##########)(..#
##Cp#..##)(..#........#.(..##
).pp#.p[+(..(#........#...(#.
##.C#..##(...+........+....+.
#. #....+........+....#. #.
#....#........#....#. #.
#....#........#....#. ..
#....##########....#.


You could see a stone giant and a yaktaur captain.

Vanquished Creatures
  the Lernaean hydra (Swamp:4)
  Vashnia (Snake:3)
  Rupert (Lair:4)
  Jorgrun (Orc:1)
  Kirke (Lair:6)
  Agnes (Snake:4)
  Roxanne (Snake:4)
  A storm dragon (Vaults:2)
  7 thorn hunters
  Donald (Snake:2)
  A tengu reaver (Vaults:2)
  10 nagarajas
  A frost giant (IceCv)
  6 vault wardens
  The ghost of Eqagror the Warrior, a journeyman GrEE of Vehumet (D:14)
  An orc warlord (Orc:2)
  Louise (Snake:3)
  2 deep elf sorcerers (Vaults:2)
  5 ironheart preservers
  Aizul (Snake:2)
  3 stone giants
  A minotaur (Gauntlet)
  A deep elf annihilator (Vaults:2)
  A fire dragon (Vaults:1)
  2 deep elf death magi
  Snorg (D:13)
  6 yaktaur captains
  A great orb of eyes (Vaults:2)
  9 vault guards
  2 rakshasas (Vaults:1)
  2 ice dragons
  13 naga warriors
  26 hydras
  2 shambling mangroves
  6 centaur warriors
  A hell beast (Gauntlet)
  An ogre mage (Vaults:2)
  2 catoblepae
  15 anacondas
  3 death knights
  5 alligators
  7 two-headed ogres
  3 death yaks
  A dancing weapon (Vaults:2)
  13 naga sharpshooters
  6 shock serpents
  4 orc high priests (Orc:2)
  Sonja (Lair:2)
  5 deep elf knights
  4 salamander mystics
  5 unseen horrors
  A shadow wraith (Vaults:2)
  12 swamp dragons
  4 wizards
  12 naga ritualists
  A phantasmal warrior (D:12)
  6 deep elf archers
  A glowing orange brain (Vaults:2)
  10 ironbrand convokers
  9 orc knights
  10 mana vipers
  A wolf spider (Vaults:2)
  An oklob plant (Lair:4)
  2 manticores
  7 deep elf magi
  6 orc sorcerers
  17 salamanders
  11 ugly things
  7 cyclopes
  4 elephants (Lair:3)
  2 centaur zombies (D:13)
  4 guardian serpents (Snake:4)
  A black mamba (shapeshifter) (Vaults:1)
  28 black mambas
  13 naga magi
  A torpor snail (Lair:4)
  5 vault sentinels
  Maurice (D:9)
  Maggie (D:6)
  A gargoyle (D:15)
  15 spiny frogs
  A kobold demonologist (D:13)
  2 rime drakes (Lair:3)
  3 efreet
  4 freezing wraiths
  24 yaktaurs
  A tengu conjurer (D:13)
  A komodo dragon (shapeshifter) (Vaults:2)
  11 komodo dragons
  A wind drake (shapeshifter) (Vaults:1)
  6 trolls
  22 polar bears
  A polar bear (shapeshifter) (Vaults:1)
  18 hornets
  A troll (shapeshifter) (Vaults:1)
  13 tyrant leeches
  11 blink frogs
  4 bog bodies
  Prince Ribbit (D:6)
  A meliai zombie (D:13)
  10 hippogriffs
  A jumping spider (shapeshifter) (D:14)
  36 slime creatures
  3 dream sheep (Lair:6)
  3 human simulacra
  16 spriggans
  A fire giant simulacrum (Vaults:1)
  6 redbacks (D:15)
  A spriggan (shapeshifter) (Vaults:1)
  52 yaks
  7 shadows
  A water elemental (D:15)
  A vampire (D:11)
  2 wraiths
  Eustachio (D:4)
  A fire elemental (Gauntlet)
  2 hogs (Lair:6)
  4 fire bats (D:14)
  7 wyverns
  17 vampire mosquitoes
  A hungry ghost (D:10)
  A hog (shapeshifter) (Vaults:2)
  A two-headed ogre zombie (D:10)
  3 basilisks
  12 swamp worms
  4 wargs
  62 nagas
  2 soldier ants
  4 insubstantial wisps (Swamp:1)
  8 porcupines
  5 hell hounds
  15 water moccasins
  A black bear (shapeshifter) (D:14)
  5 ice beasts
  38 orc warriors
  6 swamp drakes (Swamp:4)
  A hornet zombie (D:15)
  8 sky beasts
  5 black bears
  An eye of draining (D:11)
  2 phantoms
  4 boggarts
  31 wolves
  10 ogres
  6 crocodiles
  9 centaurs
  4 big kobolds
  20 bullfrogs
  A wyvern zombie (D:10)
  2 wyvern skeletons
  4 scorpions
  11 killer bees
  An elf simulacrum (Vaults:2)
  3 troll zombies (D:10)
  6 wights
  2 electric eels
  A howler monkey (D:4)
  2 crimson imps
  2 lava snakes (D:14)
  2 quasits
  6 hounds
  14 orc priests
  3 centaur skeletons
  An iron imp (D:15)
  3 jellies
  14 orc wizards
  2 bullfrog skeletons
  Ijyb (D:3)
  7 iguanas
  Natasha (twice) (D:3)
  9 worker ants
  4 ogre zombies (D:10)
  A hound zombie (D:9)
  A worker ant zombie (D:6)
  18 adders
  10 gnolls
  4 shadow imps
  5 oozes
  An adder zombie (D:2)
  3 adder skeletons
  A dart slug (D:1)
  5 worms
  6 leopard geckos
  55 orcs
  5 ball pythons
  2 giant cockroaches (D:1)
  15 goblins
  11 hobgoblins
  13 jackals
  3 quokkas
  10 bats
  6 frilled lizards
  A giant cockroach zombie (D:5)
  A goblin skeleton (D:10)
  4 goblin zombies (D:10)
  2 hobgoblin skeletons (D:10)
  3 hobgoblin zombies (D:10)
  A jackal skeleton (D:6)
  32 kobolds
  2 leopard gecko skeletons
  A leopard gecko zombie (D:5)
  An orc skeleton (D:10)
  14 orc zombies (D:10)
  5 rats
  3 briar patches
  2 fire vortices (D:14)
  A plant (Lair:4)
1309 creatures vanquished.

Vanquished Creatures (others)
  Nikola (Swamp:4)
  A deep elf mage (Vaults:2)
  A black mamba (Snake:4)
  A torpor snail (Lair:6)
  A spiny frog (Lair:6)
  A tyrant leech (Swamp:4)
  3 humans (Lair:6)
  A naga (Snake:1)
  2 ogres (Vaults:2)
  A crocodile (Lair:6)
  A quokka (D:15)
  4 briar patches
  13 demonic plants (Gauntlet)
  A fire vortex (D:14)
  8 fungi
  8 plants
48 creatures vanquished.

Grand Total: 1357 creatures vanquished

Notes
Turn   | Place    | Note
-------+----------+-------------------------------------------
     0 | D:1      | Faca the Barachi Fighter began the quest for the Orb.
     0 | D:1      | Reached XP level 1. HP: 18/18 MP: 1/1
    81 | D:1      | You fall into a shaft and drop 1 floor!
   168 | D:1      | Reached XP level 2. HP: 25/25 MP: 2/2
   593 | D:1      | Reached XP level 3. HP: 29/31 MP: 3/3
  1179 | D:2      | Reached XP level 4. HP: 38/38 MP: 4/4
  1441 | D:2      | Reached skill level 5 in Fighting
  1684 | D:3      | Noticed Ijyb
  1725 | D:3      | Killed Ijyb
  1725 | D:3      | Reached XP level 5. HP: 15/44 MP: 5/5
  1944 | D:3      | Reached skill level 5 in Long Blades
  2294 | D:3      | Noticed Natasha
  2302 | D:3      | Killed Natasha
  2302 | D:3      | Reached XP level 6. HP: 18/52 MP: 6/6
  2704 | D:3      | Noticed Natasha
  2715 | D:3      | Killed Natasha
  3033 | D:4      | Found a shattered altar of Ashenzari.
  3288 | D:4      | Found Taopnuw's Antique Weapon Shop.
  3447 | D:4      | Noticed Eustachio
  3478 | D:4      | Reached XP level 7. HP: 45/60 MP: 7/7
  3514 | D:4      | Killed Eustachio
  3845 | D:4      | Found a glowing golden altar of the Shining One.
  3845 | D:4      | Found a radiant altar of Vehumet.
  4579 | D:4      | Reached XP level 8. HP: 61/69 MP: 8/8
  4670 | D:5      | Entered Level 5 of the Dungeon
  6125 | D:6      | Found an iron altar of Okawaru.
  6188 | D:6      | Reached skill level 10 in Fighting
  6188 | D:6      | Reached XP level 9. HP: 63/78 MP: 9/9
  6295 | D:6      | Found a white marble altar of Elyvilon.
  6452 | D:6      | Noticed Prince Ribbit
  6702 | D:6      | Reached skill level 10 in Long Blades
  7043 | D:6      | Noticed Maggie
  7072 | D:6      | Killed Maggie
  7077 | D:6      | Killed Prince Ribbit
  7348 | D:5      | Noticed a rust devil
  7348 | D:5      | Noticed a rust devil
  7383 | D:6      | Got a polished falchion
  7384 | D:6      | Identified the +2 falchion of Mana {speed, *Noise rPois rC+
                  | Str+4} (You found it on level 6 of the Dungeon)
  7953 | D:7      | Found a staircase to the Ecumenical Temple.
  7978 | Temple   | Entered the Ecumenical Temple
  8017 | Temple   | Became a worshipper of Cheibriados the Contemplative
  8182 | D:7      | Reached * piety under Cheibriados
  8191 | D:7      | HP: 4/81 [poisoned by a killer bee]
  8546 | D:7      | Reached XP level 10. HP: 79/88 MP: 10/10
  9049 | D:8      | Found a staircase to the Lair.
  9070 | D:8      | Reached skill level 5 in Armour
  9178 | D:8      | Found a bloodstained altar of Trog.
  9238 | D:8      | Reached ** piety under Cheibriados
  9448 | D:8      | Reached skill level 5 in Shields
  9666 | D:8      | Found a shimmering altar of Xom.
  9671 | D:8      | Found a hide-covered altar of Uskayaw.
  9828 | D:8      | Found a sacrificial altar of Ru.
 10145 | D:9      | Got a bone falchion
 10146 | D:9      | Identified the +9 falchion of the Dwarven Hall {freeze,
                  | rPois} (You found it on level 9 of the Dungeon)
 10170 | D:9      | Found an ancient bone altar of Kikubaaqudgha.
 10369 | D:9      | Noticed Maurice
 10380 | D:9      | Killed Maurice
 10688 | D:10     | Entered Level 10 of the Dungeon
 10698 | D:10     | Found a shimmering altar of Xom.
 10698 | D:10     | Found a shimmering altar of Xom.
 10710 | D:10     | Found a staircase to the Orcish Mines.
 10728 | D:10     | Reached *** piety under Cheibriados
 10808 | D:10     | Reached **** piety under Cheibriados
 11074 | D:10     | Reached XP level 11. HP: 96/96 MP: 11/11
 11301 | D:10     | Found a shimmering altar of Xom.
 11494 | D:11     | Noticed a cyclops
 11507 | D:11     | Killed a cyclops
 11575 | D:11     | Found Qameus's Antique Armour Shoppe.
 11665 | D:11     | Noticed a two-headed ogre
 11671 | D:11     | Killed a two-headed ogre
 11818 | D:11     | Reached ***** piety under Cheibriados
 12010 | D:11     | Bought a shiny helmet for 300 gold pieces
 12110 | D:11     | Noticed a two-headed ogre
 12116 | D:11     | Killed a two-headed ogre
 12648 | D:11     | Identified a scroll of acquirement
 12648 | D:11     | Identified the +1 pair of boots of Ziuru {rElec rC+ Stlth+}
                  | (You acquired it on level 11 of the Dungeon)
 12804 | Lair:1   | Entered Level 1 of the Lair of Beasts
 12889 | Lair:1   | Found a gate leading to a gauntlet.
 12899 | Gauntlet | Entered a Gauntlet
 12899 | Gauntlet | Found a transporter.
 12899 | Gauntlet | Found a transporter.
 12901 | Gauntlet | Found a transporter.
 12902 | Gauntlet | Found a transporter.
 12904 | Gauntlet | Found a transporter.
 12906 | Gauntlet | Noticed a queen ant
 12911 | Gauntlet | Found a transporter.
 12913 | Gauntlet | Found a transporter.
 12915 | Gauntlet | Found a large runed translucent door.
 12915 | Gauntlet | Found a large runed translucent door.
 12916 | Gauntlet | Found a large runed translucent door.
 12916 | Gauntlet | Found a large runed translucent door.
 12917 | Gauntlet | Found a large runed translucent door.
 12917 | Gauntlet | Found a large runed translucent door.
 12917 | Gauntlet | Found a runed translucent door.
 12917 | Gauntlet | Found a runed translucent door.
 12918 | Gauntlet | Found a large runed translucent door.
 12918 | Gauntlet | Found a large runed translucent door.
 12919 | Gauntlet | Found a transporter.
 12919 | Gauntlet | Found a large runed translucent door.
 12919 | Gauntlet | Found a large runed translucent door.
 12919 | Gauntlet | Found a large runed translucent door.
 12920 | Gauntlet | Found a large runed translucent door.
 12922 | Gauntlet | Found a large runed translucent door.
 12922 | Gauntlet | Found a large runed translucent door.
 12922 | Gauntlet | Found a large runed translucent door.
 12922 | Gauntlet | Found a large runed translucent door.
 12923 | Gauntlet | Found a runed translucent gate.
 12923 | Gauntlet | Found a runed translucent gate.
 12923 | Gauntlet | Found a runed translucent gate.
 12926 | Gauntlet | Noticed a moth of wrath
 12927 | Gauntlet | Found a transporter.
 12933 | Gauntlet | Found a transporter.
 12933 | Gauntlet | Found a transporter.
 12933 | Gauntlet | Noticed a moth of wrath
 12952 | Gauntlet | Noticed a hell beast
 12953 | Gauntlet | Found a transporter.
 12967 | Gauntlet | Noticed a minotaur
 13280 | Gauntlet | Killed a hell beast
 13280 | Gauntlet | Reached skill level 1 in Invocations
 13291 | Gauntlet | Got a transparent helmet
 13303 | Gauntlet | Identified the +0 helmet "Lubluram" {rElec rPois Regen+}
                  | (You found it in a Gauntlet)
 13313 | Gauntlet | Killed a minotaur
 13313 | Gauntlet | Reached XP level 12. HP: 26/105 MP: 11/13
 14093 | Lair:2   | Noticed a five-headed hydra
 14107 | Lair:2   | Killed a four-headed hydra
 14110 | Lair:2   | Found a staircase to the Swamp.
 14111 | Lair:2   | Noticed an eight-headed hydra
 14117 | Lair:2   | Killed a three-headed hydra
 14157 | Lair:2   | Noticed Sonja
 14160 | Lair:2   | Killed Sonja
 14160 | Lair:2   | Reached skill level 10 in Armour
 14807 | Lair:3   | Noticed an eight-headed hydra
 14836 | Lair:3   | Gained mutation: You can hop long distances. [Barachi
                  | growth]
 14836 | Lair:3   | Reached XP level 13. HP: 104/114 MP: 16/16
 14847 | Lair:3   | Reached ****** piety under Cheibriados
 15301 | Lair:3   | Reached skill level 10 in Shields
 15739 | Lair:4   | Reached skill level 5 in Invocations
 15763 | Lair:4   | Found a frozen archway.
 15763 | Lair:4   | Noticed an ice dragon
 15772 | Lair:4   | Killed an ice dragon
 15803 | IceCv    | Entered an ice cave
 16047 | IceCv    | Reached skill level 15 in Fighting
 16224 | IceCv    | Noticed a frost giant
 16242 | IceCv    | Killed a frost giant
 16264 | IceCv    | Reached skill level 15 in Long Blades
 16561 | Lair:4   | Found a staircase to the Snake Pit.
 16573 | Lair:4   | Noticed Rupert
 16584 | Lair:4   | Killed Rupert
 16584 | Lair:4   | Reached XP level 14. HP: 119/123 MP: 18/18
 17614 | Lair:6   | Entered Level 6 of the Lair of Beasts
 17614 | Lair:6   | Found a runed translucent door.
 17614 | Lair:6   | Found a viscous altar of Jiyva.
 17614 | Lair:6   | Found a staircase to the Slime Pits.
 17647 | Lair:6   | Noticed Kirke
 17664 | Lair:6   | Killed Kirke
 18937 | Orc:1    | Entered Level 1 of the Orcish Mines
 18945 | Orc:1    | Noticed a stone giant
 18964 | Orc:1    | Killed a stone giant
 18964 | Orc:1    | Reached XP level 15. HP: 66/131 MP: 20/20
 19198 | Orc:1    | Noticed Jorgrun
 19213 | Orc:1    | Killed Jorgrun
 19213 | Orc:1    | Reached skill level 1 in Throwing
 19481 | Orc:2    | Entered Level 2 of the Orcish Mines
 19482 | Orc:2    | Found Rarphed's Antique Weapon Boutique.
 19765 | Orc:2    | Found Gufoyh's Jewellery Shop.
 19772 | Orc:2    | Found a staircase to the Elven Halls.
 19774 | Orc:2    | Bought a cursed amulet of inaccuracy for 26 gold pieces
 19780 | Orc:2    | Noticed an orc warlord
 19788 | Orc:2    | Gained mutation: You are weak. (Str -2) [a neqoxec]
 19791 | Orc:2    | Gained mutation: Armour fits poorly on your strangely
                  | shaped body. [a neqoxec]
 19809 | Orc:2    | Gained mutation: You are very weak. (Str -4) [a neqoxec]
 20088 | Orc:2    | Killed an orc warlord
 20220 | Orc:2    | Found Beneabav's General Store.
 20229 | Orc:2    | Bought a scroll of blinking for 97 gold pieces
 20484 | Orc:2    | Found Ewkiuff's Antique Armour Shop.
 20497 | Orc:2    | Bought a brightly glowing plate armour for 728 gold pieces
 20497 | Orc:2    | Identified the cursed +1 plate armour "Ophesed" {rElec
                  | Str+3 Int+6} (You bought it in a shop on level 2 of the
                  | Orcish Mines)
 20705 | Orc:2    | Found a roughly hewn altar of Beogh.
 20971 | Orc:2    | Bought the +0 pair of fencer's gloves {Riposte Dex+3} for
                  | 1040 gold pieces
 20971 | Orc:2    | Found the +0 pair of fencer's gloves {Riposte Dex+3}
 21600 | D:12     | Found a stormy altar of Qazlal.
 21725 | D:12     | Reached skill level 1 in Dodging
 22242 | D:13     | Found the +2 hat of the Bear Spirit {Spirit, +Rage rN+
                  | MR++}
 22499 | D:13     | Noticed Snorg
 22508 | D:13     | Killed Snorg
 22815 | D:14     | Found a runed translucent door.
 22815 | D:14     | Noticed Eqagror's ghost (journeyman GrEE)
 22885 | D:14     | Reached XP level 16. HP: 139/139 MP: 22/22
 23323 | D:14     | Identified the cursed +0 scale mail "Zienuurch" {rC+} (You
                  | found it on level 14 of the Dungeon)
 23485 | D:14     | Paralysed by a wizard for 4 turns
 23556 | D:14     | Found a gate to the Vaults.
 23560 | D:14     | Reached skill level 5 in Throwing
 23854 | D:15     | Entered Level 15 of the Dungeon
 24070 | D:15     | Found Quim's Assorted Antiques.
 24074 | D:15     | Bought a copper ring for 120 gold pieces
 24229 | D:15     | Noticed Umoon's ghost (adept FoFi)
 24231 | D:15     | Found a runed translucent gate.
 24232 | D:15     | Found a runed translucent gate.
 24232 | D:15     | Found a runed translucent gate.
 24335 | D:15     | Found a white marble altar of Elyvilon.
 24578 | D:15     | Found a staircase to the Depths.
 24595 | D:15     | Reached skill level 5 in Dodging
 25078 | Snake:1  | Entered Level 1 of the Snake Pit
 25217 | Snake:1  | Found a transporter.
 25445 | Snake:1  | Found a transporter.
 25568 | Snake:2  | Found Nyseloru's Armour Shop.
 25568 | Snake:2  | Noticed a nagaraja
 25571 | Snake:2  | Noticed a nagaraja
 25578 | Snake:2  | Killed a nagaraja
 25583 | Snake:2  | Killed a nagaraja
 25888 | Snake:2  | Noticed a nagaraja
 25900 | Snake:2  | Killed a nagaraja
 25948 | Snake:2  | Reached XP level 17. HP: 146/148 MP: 24/24
 25959 | Snake:2  | Reached skill level 10 in Invocations
 26109 | Snake:2  | Noticed Aizul
 26121 | Snake:2  | Killed Aizul
 26496 | Snake:3  | Noticed Donald
 26534 | Snake:2  | Killed Donald
 26760 | Snake:3  | Noticed Louise
 26777 | Snake:3  | Killed Louise
 27336 | Snake:4  | Entered Level 4 of the Snake Pit
 27644 | Snake:4  | Noticed Agnes
 27803 | Snake:4  | Found Gosch's Book Shoppe.
 27806 | Snake:4  | Found Jicea's Distillery.
 27815 | Snake:4  | Bought a potion of mutation for 96 gold pieces
 27842 | Snake:4  | Killed Agnes
 28012 | Snake:4  | Noticed Roxanne
 28039 | Snake:4  | Killed Roxanne
 28298 | Snake:4  | Noticed Vashnia
 28463 | Snake:3  | Reached XP level 18. HP: 157/157 MP: 25/25
 29275 | Snake:3  | Killed Vashnia
 29619 | Snake:4  | Reached skill level 15 in Shields
 30034 | Snake:4  | Got a serpentine rune of Zot
 30460 | Swamp:1  | Entered Level 1 of the Swamp
 31649 | Swamp:3  | Reached skill level 10 in Dodging
 31804 | Swamp:3  | Reached XP level 19. HP: 152/165 MP: 26/26
 31939 | Swamp:3  | Identified the +2 long sword "Giant's Regret" {venom,
                  | *Noise rElec rPois Str+9} (You found it on level 3 of the
                  | Swamp)
 32066 | Swamp:3  | Reached skill level 10 in Throwing
 32309 | Swamp:4  | Entered Level 4 of the Swamp
 32610 | Swamp:4  | Noticed Nikola
 32637 | Swamp:4  | Killed Nikola
 33234 | Swamp:4  | Noticed the 27-headed Lernaean hydra
 33242 | Swamp:4  | Killed the 23-headed Lernaean hydra
 33387 | Swamp:4  | Got a decaying rune of Zot
 33781 | Orc:2    | Bought the amulet of Mutualism {Gourm rC+ Int+2 Dex+4 SInv}
                  | for 790 gold pieces
 34129 | Snake:1  | Got a glittering lapis lazuli ring
 34134 | Snake:1  | Got a transparent silver ring
 34147 | Snake:1  | Got a transparent copper ring
 34171 | Snake:1  | Identified the ring of Foatyhao {rC- Dex+7 Stlth-} (You
                  | found it on level 1 of the Snake Pit)
 34172 | Snake:1  | Identified the ring of Daoplimu {rPois MR+ MP-9 Dex+4} (You
                  | found it on level 1 of the Snake Pit)
 34173 | Snake:1  | Identified the ring of the Thoughtful Spirits {rPois rC-
                  | rN+ Str+3} (You found it on level 1 of the Snake Pit)
 34505 | D:14     | Killed Eqagror's ghost
 34511 | D:14     | Identified Wyloacag's Catalogue of Congealing Transmutation
 34555 | Vaults:1 | Entered Level 1 of the Vaults
 35471 | Vaults:1 | Reached XP level 20. HP: 165/176 MP: 18/27
 35583 | Vaults:1 | Reached skill level 15 in Armour
 37261 | Vaults:2 | Found the +9 heavy crossbow "Sniper" {vorpal, Acc+∞ SInv}
 37317 | Vaults:2 | Demolished by a stone giant

Levels and vault maps discovered:
D:1:      dpeg_arrival_solitude, layout_basic
D:2:      layout_rooms, minivault_19, chequers_big_river, minmay_pentomino_x4
D:3:      kennysheep_the_goblin_king, layout_basic, dk_vineyard_3, uniq_natasha,
          uniq_ijyb
D:4:      layout_basic, evilmike_ruin_ashenzari, gammafunk_temple_overflow_wave,
          serial_shops, nicolae_shop_temple_entry_statues_fountains,
          serial_rivers, chequers_serial_rivers_marsh,
          chequers_serial_rivers_micro_c, chequers_serial_rivers_large_a,
          chequers_serial_rivers_small_a, chequers_serial_rivers_micro_b,
          chequers_serial_rivers_micro_d, grunt_decor_clamped, nzn_random_ring,
          uniq_eustachio
D:5:      cheibrodos_iron_armory, layout_loops_ring, first_ration,
          serial_bayou_pond_b
D:6:      layout_layer_cave, overflow_temple_1_default,
          kennysheep_okawaru_gauntlet, uniq_prince_ribbit1, uniq_maggie
D:7:      layout_gridville, minmay_temple_entry_wispy
D:8:      layout_cave_pools, lemuel_coloured_pillars_altar,
          grunt_temple_overflow_open, david_lair_shrubbed, grunt_ogre_cave
D:9:      layout_stronghold, kiku_gazebo_garden_becter, uniq_maurice
D:10:     layout_loops_ring, zombieorc2_lemuel, xom_redecorated
D:11:     layout_loops_corners, serial_shops, shop_statue
D:12:     layout_layer_cave, nicolae_qazlal_general_emergency
D:13:     minmay_cornered_nines, layout_rooms, uniq_snorg
D:14:     layout_irregular_city, grunt_vaults_entry_fortified,
          chequers_serial_rivers_marsh, ebering_ghost_inner_flame,
          hangedman_incinerator
D:15:     grunt_enter_depths_snipers, layout_basic, elyvilon_altar_4,
          gammafunk_ghost_split, serial_shops, nicolae_shop_behind_doors,
          hangedman_devilish_allure
Temple:   cyrus_circular_temple
Lair:1:   layout_regular_city, gauntlet_entry_generic, minivault_23,
          infiniplex_staircase_pool_2, grunt_megastairs_2
Lair:2:   layout_misc_corridors, palyth_hydra_swamp_entry, uniq_sonja
Lair:3:   layout_gridlike, minivault_11, chequers_serial_rivers_micro_a,
          grunt_megastairs_1
Lair:4:   layout_cave_pods, minmay_snake_entry_guardpost_small,
          portal_ice_cave_entry_animals_and_master, minmay_lair_oklob_items,
          serial_bayou_shore_b, uniq_rupert
Lair:5:   layout_roguey, minmay_lair_oklob_chamber, grunt_megastairs_3
Lair:6:   minmay_lair_end_enchanted_forest, layout_gridlike, slime_altar_2,
          uniq_kirke
Swamp:1:  layout_basic_swamp, evilmike_swamp_ruin_wall
Swamp:2:  layout_falls_marsh, evilmike_swamp_ruin_house_1
Swamp:3:  layout_basic_swamp, hangedman_swamp_pad
Swamp:4:  swamp_old_school, layout_basic_swamp, swamp_pool2,
          hangedman_swamp_cone, uniq_nikola
Snake:1:  gammafunk_its_a_trap, layout_misc_corridors,
          statue_in_the_mist_lemuel, chequers_hall_statues_corner_a
Snake:2:  layout_rooms, serial_shops, shop, uniq_aizul
Snake:3:  layout_misc_corridors, uniq_louise, uniq_donald
Snake:4:  johnstein_snake_rune_scales, layout_onion, minmay_shop_star,
          uniq_roxanne, uniq_vashnia, uniq_agnes
Orc:1:    layout_caves, uniq_jorgrun
Orc:2:    grunt_orc_gardens, layout_diamond_mine, grunt_orc_garden,
          grunt_orc_garden, grunt_orc_garden, grunt_orc_garden, special_room,
          mines1_david
Vaults:1: grunt_vaults_twisty, nicolae_vaults_branching_niches,
          vaults_room_grunt_arrival_checkpoint, v_misc_13, vaults_mumra_hex,
          hangedman_vaults_nails, nicolae_vaults_yaktaur_gun_rack,
          nicolae_vaults_network_star, hangedman_vaults_stretched_pinwheel,
          ontoclasm_vaults_claustrophobia, vaults_dpeg_doors, vaults_room_pools,
          vaults_room_pool, layout_vaults_ring
Vaults:2: ontoclasm_vaults_decontamination, v_rooms_6,
          nicolae_vaults_what_the_h, minmay_guarded_unrand_secular_launcher,
          nicolae_vaults_big_ls, hangedman_vaults_impose, vaults_room_grid,
          vaults_room_fancy_cross, nicolae_vaults_triangles,
          nicolae_vaults_three_branches, ontoclasm_vaults_loading_screen,
          v_pattern_2, layout_vaults_maze_bifur

Skill      XL: |  1  2  3  4  5  6  7  8  9 10 11 12 13 14 15 16 17 18 19 20 |
---------------+-------------------------------------------------------------+-----
Fighting       | 4 5 6 7 8 10 11 12 13 14 15 16 17 18 19 20 | 20.4
Long Blades    | 3 4 5 6 7 9 11 12 13 14 15 16 17 18 19 20 | 20.3
Armour         | 4 7 9 10 12 13 14 15 | 15.9
Shields        | 4 6 8 9 11 12 13 14 15 16 17 | 17.1
Invocations    | 1 4 6 7 8 9 10 | 10.0
Throwing       | 4 6 8 9 10 | 10.0
Dodging        | 2 6 8 10 | 10.0

Action                   |  1- 3 |  4- 6 |  7- 9 | 10-12 | 13-15 | 16-18 | 19-21 || total
-------------------------+-------+-------+-------+-------+-------+-------+-------++-------
Melee: Long sword        |   152 |   287 |   401 |   166 |       |       |       ||  1006
       Falchion          |       |       |    48 |   533 |       |       |       ||   581
       Scimitar          |       |       |       |    10 |  1233 |  1554 |   881 ||  3678
Throw: Boomerang         |       |       |       |       |     6 |     1 |     2 ||     9
Invok: Slouch            |       |       |       |       |       |     1 |     6 ||     7
 Abil: Hop               |       |       |       |       |     1 |     5 |       ||     6
Evoke: Wand              |       |       |       |     3 |       |       |       ||     3
  Use: Scroll            |       |    11 |     7 |    14 |     7 |    10 |     4 ||    53
       Potion            |       |       |     5 |     1 |     1 |     5 |     2 ||    14
 Stab: Distracted        |       |       |       |       |       |       |     1 ||     1
  Eat: Chunk             |     2 |     8 |    14 |    14 |    12 |    15 |    18 ||    83
       Ration            |       |       |     1 |       |     2 |     2 |     1 ||     6
Armor: Chain mail        |    98 |   146 |   210 |   170 |       |       |       ||   624
       Scale mail        |     8 |       |       |       |       |       |       ||     8
       Skin              |       |       |     9 |       |       |       |       ||     9
       Plate armour      |       |       |       |   105 |   739 |   680 |   260 ||  1784
Dodge: Dodged            |    29 |    58 |    89 |   138 |   289 |   659 |   337 ||  1599
Block: Kite shield       |    86 |   147 |   288 |   430 |  1055 |   450 |       ||  2456
       Tower shield      |       |       |       |       |       |  1496 |  1008 ||  2504
       Rpst.: Long sword |    14 |    18 |    11 |     6 |       |       |       ||    49
       Falchion          |       |       |     3 |    17 |       |       |       ||    20
       Scimitar          |       |       |       |     1 |    70 |   217 |   114 ||   402

Table legend:
 A = Non-vault XP
 B = Vault XP
 C = Vault XP percentage of total XP
 D = Non-vault monster count
 E = Vault monster count
 F = Vault count percentage of total count
                 A         B        C        D         E       F
            +---------+---------+-------+---------+---------+-------
      Total |  254907 |  212359 |  45.4 |     858 |     451 |  34.5
            +---------+---------+-------+---------+---------+-------
        D:1 |      47 |       0 |   0.0 |      26 |       0 |   0.0
        D:2 |      66 |       3 |   4.3 |      19 |       3 |  13.6
        D:3 |     288 |      85 |  22.8 |      34 |       9 |  20.9
        D:4 |     290 |     470 |  61.8 |      18 |      14 |  43.8
        D:5 |     912 |     187 |  17.0 |      18 |       3 |  14.3
        D:6 |     743 |     715 |  49.0 |      16 |       4 |  20.0
        D:7 |    1104 |       0 |   0.0 |      22 |       0 |   0.0
        D:8 |     990 |     449 |  31.2 |      27 |       2 |   6.9
        D:9 |    1174 |     439 |  27.2 |      18 |       1 |   5.3
       D:10 |     495 |     852 |  63.3 |      15 |      36 |  70.6
       D:11 |    5471 |       0 |   0.0 |      37 |       0 |   0.0
       D:12 |    6493 |       0 |   0.0 |      30 |       0 |   0.0
       D:13 |    7175 |    2999 |  29.5 |      28 |       4 |  12.5
       D:14 |   13345 |   10358 |  43.7 |      43 |      19 |  30.6
       D:15 |   11063 |    2392 |  17.8 |      32 |       4 |  11.1
     Lair:1 |    1854 |     487 |  20.8 |       9 |       2 |  18.2
     Lair:2 |    2884 |    3642 |  55.8 |      13 |       8 |  38.1
     Lair:3 |    5667 |    2525 |  30.8 |      20 |       6 |  23.1
     Lair:4 |    4774 |    6142 |  56.3 |      20 |      11 |  35.5
     Lair:5 |    5087 |    3284 |  39.2 |      18 |      13 |  41.9
     Lair:6 |    9067 |   11004 |  54.8 |      30 |      51 |  63.0
    Swamp:1 |    9699 |       0 |   0.0 |      32 |       0 |   0.0
    Swamp:2 |   12179 |       0 |   0.0 |      16 |       0 |   0.0
    Swamp:3 |   15142 |       0 |   0.0 |      27 |       0 |   0.0
    Swamp:4 |   12993 |   25764 |  66.5 |      24 |      26 |  52.0
    Snake:1 |    6109 |    4332 |  41.5 |      11 |       6 |  35.3
    Snake:2 |   25162 |    3521 |  12.3 |      36 |       2 |   5.3
    Snake:3 |   21777 |   25915 |  54.3 |      39 |      31 |  44.3
    Snake:4 |   20512 |   23449 |  53.3 |      45 |      39 |  46.4
      Orc:1 |    7344 |    3051 |  29.4 |      40 |       3 |   7.0
      Orc:2 |    2462 |   10010 |  80.3 |      23 |      25 |  52.1
   Vaults:1 |   17793 |   22040 |  55.3 |      29 |      32 |  52.5
   Vaults:2 |   24746 |   33196 |  57.3 |      43 |      45 |  51.1
      IceCv |       0 |   11739 | 100.0 |       0 |      44 | 100.0
   Gauntlet |       0 |    3309 | 100.0 |       0 |       8 | 100.0
            +---------+---------+-------+---------+---------+-------
